 Dungeon Crawl Stone Soup version 0.22.1-1-ga44c0e5 (webtiles) character file.

223 harcile the Skirmisher (level 6, -1/53 HPs)
             Began as a Hill Orc Fighter on Oct 26, 2018.
             Slain by Robin
             ... wielding a +0 trident
              (10 damage)
             ... on level 4 of the Dungeon.
             The game lasted 00:06:41 (2458 turns).

harcile the Skirmisher (Hill Orc Fighter)           Turns: 2458, Time: 00:06:42

Health: -1/53      AC:  6    Str: 20    XL:     6   Next: 0%
Magic:  6/6        EV:  9    Int:  8    God:
Gold:   244        SH:  9    Dex: 11    Spells: 4/5 levels left

rFire    . . .     SeeInvis .   a - +0 long sword
rCold    . . .     Gourm    .   c - +0 shield
rNeg     . . .     Faith    .   h - +3 leather armour
rPois    .         Spirit   .   k - +0 hat
rElec    .         Reflect  .   (no cloak)
rCorr    .         Harm     .   (no gloves)
MR       .....                  (no boots)
Stlth    +.........             (no amulet)
HPRegen  0.17/turn              (no ring)
MPRegen  0.10/turn              (no ring)

@: no status effects
A: no striking features
a: no special abilities


You were on level 4 of the Dungeon.
You were hungry.

You visited 1 branch of the dungeon, and saw 4 of its levels.

You collected 244 gold pieces.

Inventory:

Hand Weapons
 a - a +0 long sword (weapon)
Armour
 b - a +0 scale mail
 c - a +0 shield (worn)
 h - a +3 leather armour (worn)
 k - a +0 hat (worn)
Wands
 m - a wand of disintegration (14)
Scrolls
 i - 4 scrolls of remove curse {unknown}
 j - 4 scrolls of identify {unknown}
 n - a scroll of immolation
Potions
 d - 2 potions of might
 e - 2 potions of heal wounds {unknown}
 g - 2 potions of flight {unknown}
 o - 2 potions of curing {unknown}
 p - a potion of lignification {unknown}
Comestibles
 f - 5 rations


   Skills:
 + Level 4.7 Fighting
 + Level 4.2 Long Blades
 + Level 3.9 Armour
 + Level 1.2 Dodging
 + Level 0.2 Stealth
 + Level 4.3 Shields


You had 4 spell levels left.
You knew the following spells:

 Your Spells              Type           Power        Failure   Level  Hunger
a - Flame Tongue          Conj/Fire      #....        90%         1    ##.....

Your spell library contained the following spells:

 Spells                   Type           Power        Failure   Level  Hunger
 Throw Flame              Conj/Fire      #.....       97%         2    ###....
 Conjure Flame            Conj/Fire      #.......     99%         3    ####...
 Inner Flame              Hex/Fire       #.......     99%         3    ####...
 Sticky Flame             Conj/Fire      #.......     100%        4    #####..
 Fireball                 Conj/Fire      #.........   100%        5    ######.


Dungeon Overview and Level Annotations

Branches:
Dungeon (4/15)
 Temple: D:4-7

Altars:
Trog

Annotations:
D:3 1 runed door, Monsterracer's ghost, amateur DrIE
D:4 Robin


Message History

You kill the worm!
You have reached level 6!
Your experience leads to an increase in your attributes!
Increase (S)trength, (I)ntelligence, or (D)exterity?
You feel agile.
You are feeling hungry.
The hobgoblin no longer looks unusually strong.
Robin hits you but does no damage. Robin hits you with a trident.
* * * LOW HITPOINT WARNING * * *
You see here a club.
You closely miss Robin.
Robin flexes a bicep menacingly.
Robin roars a battlecry!
The hobgoblin goes into a battle-frenzy!
You block Robin's attack.
You hit Robin.
Robin is moderately wounded.
Robin hits you with a trident!
You die...

#...............#....##
#...............####..#
#...............#####.#
#........)............#
#.....).........)######
##.............#(#
##.....#.....##)#
.<..##########)# ..##.
#@# # #g# .g# ....
##... ..<.. #..).
###..#


You could see Robin and a hobgoblin.

Vanquished Creatures
  A bullfrog (D:3)
  An orc wizard (D:4)
  A worker ant (D:4)
  2 adders (D:2)
  2 worms
  An adder skeleton (D:4)
  A dart slug (D:2)
  A leopard gecko (D:2)
  9 orcs
  3 giant cockroaches
  9 goblins
  13 hobgoblins
  4 jackals (D:1)
  6 kobolds
  2 quokkas
  5 bats
  3 frilled lizards
  4 rats
68 creatures vanquished.

Notes
Turn   | Place    | Note
-------+----------+-------------------------------------------
     0 | D:1      | harcile the Hill Orc Fighter began the quest for the Orb.
     0 | D:1      | Reached XP level 1. HP: 19/19 MP: 1/1
   258 | D:1      | Reached XP level 2. HP: 26/27 MP: 2/2
   684 | D:2      | Reached XP level 3. HP: 33/33 MP: 3/3
   858 | D:2      | Found a bloodstained altar of Trog.
  1095 | D:2      | Reached XP level 4. HP: 40/40 MP: 4/4
  1442 | D:3      | Noticed a bullfrog
  1450 | D:3      | Killed a bullfrog
  1450 | D:3      | Reached XP level 5. HP: 36/47 MP: 5/5
  1475 | D:3      | Found a faded altar of an unknown god.
  1638 | D:3      | Found a runed door.
  1640 | D:3      | Noticed an orc warrior
  1640 | D:3      | Noticed Monsterracer's ghost (amateur DrIE)
  2013 | D:3      | Reached skill level 1 in Dodging
  2412 | D:4      | Learned a level 1 spell: Flame Tongue
  2424 | D:4      | Noticed Robin
  2455 | D:4      | Reached XP level 6. HP: 13/53 MP: 6/6
  2458 | D:4      | Slain by Robin

Skill      XL: |  1  2  3  4  5 |
---------------+----------------+-----
Fighting       | 4 |  4.7
Long Blades    | 3 4 |  4.2
Shields        | 4 |  4.3
Dodging        | 1 |  1.2
Armour         | |  3.9
Stealth        | |  0.2

Action                   |  1- 3 |  4- 6 || total
-------------------------+-------+-------++-------
Melee: Long sword        |    91 |   144 ||   235
  Eat: Chunk             |     1 |     4 ||     5
Armor: Scale mail        |     5 |       ||     5
       Leather armour    |    43 |    43 ||    86
Dodge: Dodged            |    26 |    59 ||    85
Block: Shield            |    48 |    77 ||   125
       Rpst.: Long sword |    13 |    22 ||    35
